Map: Washout LE

Players

Fjant

  • Race: Zerg Zerg
  • League: Grandmaster
  • Spawn Location: 1:00

Mixu - Winner!

  • Race: Zerg Zerg
  • League: Grandmaster
  • Spawn Location: 7:00

VOD

Have the link to the VOD?

Description

Time

  • Played on: July 4, 2026, 3:26 p.m.
  • Length: 11:56
Show
View Real Time Build Order
Export as new Build Order

Fjant Zerg 

Build Orders: Pool First 

Get SALT Encoding   

  8  0:01  Drone  
  9  0:10  Drone  
  10  0:33  Spawning Pool  
  9  0:38  Drone  
  10  0:44  Drone  
  11  0:50  Drone  
  12  1:01  Overlord  
  12  1:20  Zergling x6  
  15  1:30  Zergling x2  
  16  1:41  Zergling x2  
  17  1:48  Hatchery  
  16  1:54  Zergling x2  
  17  2:06  Drone  
  18  2:14  Queen  
  20  2:21  Overlord  
  20  2:34  Overlord  
  20  2:44  Drone x2  
  20  2:49  Drone  
  21  3:00  Drone x2  
  23  3:06  Queen  
  25  3:17  Drone x2  
  27  3:23  Queen  
  29  3:30  Zergling x2  
  29  3:31  Zergling x2  
  31  3:34  Zergling x2  
  31  3:37  Zergling x2  
  31  3:40  Zergling x2  
  35  3:48  Zergling x2  
  35  3:52  Drone x3  
  37  3:57  Drone  
  37  4:01  Drone  
  37  4:02  Drone  
  38  4:14  Overlord  
  38  4:17  Queen  
  40  4:27  Spine Crawler, Overlord  
  39  4:33  Extractor  
  39  4:36  Drone x3  
  38  4:50  Queen  
  38  4:52  Zergling x2  
  38  4:53  Zergling x2  
  36  5:00  Drone x3  
  36  5:03  Drone  
  36  5:04  Drone  
  41  5:11  Overlord  
  43  5:21  Drone x4  
  46  5:26  Drone x2  
  48  5:30  Overlord  
  48  5:35  Drone  
  47  5:36  Evolution Chamber  
  47  5:37  Roach Warren  
  47  5:42  Drone x4  
  47  5:47  Lair  
  47  5:50  Extractor  
  47  5:52  Extractor  
  47  5:56  Drone x2  
  47  6:03  Drone x3  
  47  6:04  Extractor  
  49  6:13  Drone x2, Overlord  
  49  6:14  Drone  
  49  6:15  Zerg Missile Weapons Level 1  
  52  6:28  Drone  
  52  6:29  Drone  
  52  6:32  Drone  
  55  6:35  Zergling x2  
  55  6:38  Drone x2  
  55  6:39  Overlord  
  58  6:44  Glial Reconstitution  
  58  6:46  Overseer  
  58  6:47  Spire  
  57  7:05  Overlord x2  
  57  7:12  Hatchery  
  56  7:21  Overlord  
  56  7:22  Roach  
  60  7:23  Roach x4  
  61  7:31  Roach x3  
  63  7:37  Roach x2  
  63  7:46  Drone x2  
  63  7:50  Roach  
  65  7:57  Mutalisk x3  
  66  8:02  Drone x2  
  68  8:06  Mutalisk  
  68  8:09  Drone, Queen  
  73  8:13  Mutalisk  
  73  8:15  Drone x4  
  79  8:21  Evolution Chamber  
  82  8:27  Roach x3  
  84  8:35  Mutalisk  
  84  8:37  Drone x4  
  90  8:45  Overlord x2  
  90  8:52  Zerg Missile Weapons Level 2  
  90  8:57  Overlord  
  90  9:05  Roach x2  
  94  9:15  Roach x4  
  100  9:21  Roach x2  
  92  9:25  Roach x2  
  92  9:27  Roach  
  97  9:34  Roach x2  
  101  9:41  Roach  
  101  9:42  Evolution Chamber  
  101  9:44  Roach x2  
  103  9:46  Roach  
  103  9:55  Overlord  
  103  9:59  Overlord  
  103  10:05  Roach  
  103  10:06  Roach  
  104  10:12  Corruptor  
  88  10:15  Corruptor  
  88  10:19  Queen  
  72  10:25  Corruptor  
  74  10:30  Drone, Overlord  
  67  10:40  Corruptor  
  67  10:41  Drone  
  64  10:43  Queen  
  64  10:49  Roach x2  
  66  10:51  Evolution Chamber  
  66  10:54  Corruptor  
  67  10:59  Roach  
  63  11:06  Corruptor  
  64  11:15  Corruptor  
  64  11:18  Drone x2  
  69  11:23  Corruptor  
  69  11:25  Drone  
Show
View Real Time Build Order
Export as new Build Order

Mixu Zerg - Winner!

Build Orders: Pool First 

Get SALT Encoding   

  8  0:00  Drone  
  9  0:10  Drone  
  10  0:16  Drone  
  11  0:21  Drone  
  12  0:32  Overlord  
  12  0:37  Extractor  
  12  0:38  Drone  
  13  0:50  Drone x2  
  15  1:00  Drone  
  15  1:04  Extractor  
  15  1:08  Spawning Pool  
  14  1:12  Drone  
  15  1:20  Drone  
  16  1:39  Hatchery  
  15  1:42  Drone  
  15  1:47  Drone  
  17  2:01  Queen  
  17  2:05  Zergling x2  
  20  2:12  Metabolic Boost  
  20  2:19  Extractor, Zergling x2  
  21  2:24  Overlord  
  21  2:43  Zergling x6  
  23  2:54  Zergling x2, Queen  
  25  3:04  Zergling x2  
  26  3:12  Hatchery  
  25  3:13  Zergling x2  
  26  3:23  Baneling Nest  
  26  3:25  Zergling x2  
  26  3:29  Zergling x2  
  27  3:38  Overlord  
  27  3:52  Zergling x2  
  25  3:56  Zergling x4  
  24  4:03  Zergling x6  
  24  4:08  Drone  
  27  4:15  Drone  
  27  4:23  Baneling x2  
  27  4:24  Baneling  
  27  4:25  Zergling x4  
  29  4:34  Drone  
  29  4:37  Drone  
  31  4:44  Zergling x2  
  31  4:49  Drone x2  
  31  4:50  Overlord  
  31  4:51  Drone  
  33  4:58  Drone  
  33  4:59  Drone x3  
  36  5:05  Drone  
  36  5:06  Evolution Chamber  
  36  5:08  Drone  
  36  5:13  Drone  
  38  5:18  Drone x2  
  38  5:20  Drone  
  39  5:24  Drone  
  40  5:29  Drone  
  40  5:30  Drone  
  42  5:36  Drone  
  42  5:38  Drone  
  43  5:43  Zerg Melee Weapons Level 1  
  43  5:45  Drone x3  
  46  5:50  Overlord  
  46  5:58  Overlord  
  46  6:09  Queen  
  48  6:11  Hatchery, Zergling x10  
  52  6:18  Evolution Chamber  
  52  6:20  Drone x3  
  52  6:22  Zergling x4  
  56  6:25  Zergling x2  
  56  6:29  Queen  
  59  6:33  Overlord  
  63  6:40  Zergling x8  
  63  6:44  Overlord  
  63  6:51  Overlord, Zerg Ground Armor Level 1  
  63  6:57  Overlord  
  63  7:01  Zergling x2  
  64  7:04  Zergling x6  
  67  7:12  Lair  
  67  7:15  Zergling x12  
  73  7:21  Zergling x4  
  75  7:28  Zergling x2  
  73  7:31  Zergling x4  
  73  7:34  Zergling x2  
  73  7:38  Zergling x12  
  73  7:43  Zergling x6  
  77  7:45  Baneling  
  77  7:50  Queen  
  77  7:52  Zergling x2  
  77  7:55  Zergling x4  
  72  8:03  Queen  
  72  8:05  Extractor, Drone x6  
  75  8:06  Extractor  
  75  8:09  Extractor  
  73  8:13  Drone x2  
  73  8:19  Queen  
  75  8:20  Spire  
  75  8:22  Drone x4  
  79  8:28  Spore Crawler x2  
  79  8:29  Spore Crawler  
  79  8:30  Overlord  
  79  8:31  Zergling x2  
  74  8:36  Zergling x6  
  77  8:47  Zergling x14  
  84  8:56  Overlord  
  84  8:57  Drone x2  
  84  8:59  Extractor  
  84  9:00  Extractor  
  84  9:04  Drone x5  
  89  9:11  Evolution Chamber  
  84  9:25  Drone x3  
  84  9:28  Mutalisk x5  
  91  9:34  Mutalisk  
  93  9:39  Zergling x12  
  93  9:41  Spine Crawler  
  98  9:49  Mutalisk  
  98  9:52  Mutalisk, Evolution Chamber  
  100  9:55  Evolution Chamber  
  100  9:58  Mutalisk  
  98  10:02  Mutalisk  
  98  10:06  Mutalisk  
  96  10:09  Zergling x4  
  96  10:10  Zergling x6  
  96  10:12  Mutalisk  
  96  10:13  Zergling x2  
  93  10:21  Mutalisk  
  93  10:24  Zergling x6  
  97  10:29  Drone x3  
  99  10:36  Mutalisk x2  
  99  10:39  Overlord  
  103  10:46  Overlord  
  103  10:50  Overlord  
  103  10:57  Mutalisk  
  103  10:58  Mutalisk  
  107  11:08  Queen, Overlord  
  107  11:09  Mutalisk x3  
  115  11:25  Overlord  
  115  11:27  Mutalisk x3  
  115  11:30  Drone x2  
Tags
 
Matchup
ZvZ
Player
FjantMixu
Race
Zerg
Replay Pack
hsc29
Spawn Locations
Cross Positions
Add a new tag
Caveats
  • Supply blocks, unpowered buildings, or Contaminate may cause inaccurate times.
  • Supply counts are checked every 10 seconds.